 Dungeon Crawl Stone Soup version 0.31-a0-1321-g5021b54cb2 (webtiles) character file.

Game seed: 3858208661945315130

1758 CowFu the Destroyer (level 8, -2/57 HPs)
             Began as a Demigod Conjurer on Dec 20, 2023.
             Slain by a vampire (9 damage)
             ... on level 6 of the Dungeon.
             The game lasted 00:10:28 (6620 turns).

CowFu the Destroyer (Demigod Conjurer)              Turns: 6620, Time: 00:10:28

Health: -2/57      AC:  7    Str:  8    XL:     8   Next: 50%
Magic:  22/22      EV: 12    Int: 28    God:
Gold:   8          SH:  0    Dex: 12    Spells: 13/20 levels left

rFire   . . .        t - +4 quarterstaff (chaos)
rCold   . . .        (shield currently unavailable)
rNeg    . . .        a - +0 robe
rPois   .            (no helmet)
rElec   .            u - +0 cloak
rCorr   .            g - +0 pair of gloves
SInv    .            d - +2 pair of boots
Will    .....        i - amulet of regeneration
Stlth   ++           (no ring)
HPRegen 1.09/turn    (no ring)
MPRegen 0.18/turn

%: no passive effects
@: no status effects
A: high MP 1, forlorn, divine attributes
a: no special abilities


You were on level 6 of the Dungeon.
You visited 1 branch of the dungeon, and saw 6 of its levels.

You collected 277 gold pieces.
You spent 269 gold pieces at shops.

Inventory:

Hand Weapons
 t - a +4 quarterstaff of chaos (weapon)
Armour
 a - a +0 robe (worn)
 d - a +2 pair of boots (worn)
 g - a +0 pair of gloves (worn)
 h - a +2 robe of willpower
 u - a +0 cloak (worn)
Jewellery
 i - an amulet of regeneration (around neck)
 l - a ring of see invisible
Wands
 j - a wand of polymorph (7)
 k - a wand of paralysis (18)
Scrolls
 c - a scroll of vulnerability
 e - a scroll of silence {unknown}
 f - 4 scrolls of teleportation
 o - a scroll of fog
 p - a scroll of immolation {unknown}
Potions
 b - a potion of magic
 m - a potion of curing
 s - a potion of resistance


   Skills:
 - Level 1.7 Dodging
 - Level 1.7 Stealth
 + Level 6.8 Spellcasting
 + Level 8.0 Conjurations
 - Level 2.0 Alchemy


You had 13 spell levels left.
You knew the following spells:

 Your Spells              Type           Power      Damage    Failure   Level
a - Magic Dart            Conj           100%       1d8       1%          1
b - Searing Ray           Conj           100%       2d8       1%          2
c - Fulminant Prism       Conj/Alch      18%        3d10      7%          4

Your spell library contained the following spells:

 Spells                   Type           Power      Damage    Failure   Level
 Static Discharge         Conj/Air       64%        3-6/arc   1%          2
 Iskenderun's Mystic Bla  Conj/Tloc      32%        2d8       11%         4
 Airstrike                Air            4%         2d(1-17)  50%         4
 Summon Lightning Spire   Summ/Air       9%         N/A       50%         4


Dungeon Overview and Level Annotations

Branches:
Dungeon (6/15)             Temple (0/1) D:5

Shops:
D:1 [[!:


Innate Abilities, Weirdness & Mutations

You have an increased reservoir of magic. (+10% MP)
You shall have no god before yourself.
Your divine heritage dramatically boosts your attributes as you level up.


Message History

You barely miss something. Something hits you. Something bites you!
Something draws strength from your injuries!
You closely miss something. Something hits you. Something bites you!
Something draws strength from your injuries!
You miss something. Something hits you. Something bites you!
Something draws strength from your injuries!
You hear some strange, mumbled words.
You are confused.
You miss something. Something hits you. Something bites you.
* * * LOW HITPOINT WARNING * * *
Something draws strength from your injuries!
You bump into the rock wall.
Something hits you but does no damage. Something bites you but does no damage.
You're too confused to cast spells.
Unknown command.
You bump into the rock wall.
Something hits you but does no damage. Something bites you but does no damage.
You bump into the rock wall.
Something hits you but does no damage. Something bites you but does no damage.
You miss something.
You feel less confused. Something hits you but does no damage.
Something bites you.
* * * LOW HITPOINT WARNING * * *
Something draws strength from your injuries!
You hit something but do no damage.
Nothing appears to happen.
You hit something but do no damage. You hit something. You freeze something.
Something says, "I'm a little confused."
Something hits you.
* * * LOW HITPOINT WARNING * * *
Something bites you.
* * * LOW HITPOINT WARNING * * *
Something draws strength from your injuries!
You closely miss something. You completely miss something.
Something completely misses you. Something bites you!
* * * LOW HITPOINT WARNING * * *
Something draws strength from your injuries!
Something hits you!
You die...

..≈≈..#
#...#.........# #.#
§.≈≈..#
...........##.# #.#
.§≈≈..#
.##..#.#.....#.###.#
^.≈≈..# .
#..#.#...........#
......#
.......###.#####
......# #.#.#.###.#
####### #.........#
#.#######.#.#####
#.....@...#.#
###########.# #.#
#.# ... ..# ..#


There were no monsters in sight!

Vanquished Creatures
  Pikel (D:5)
  An ice beast (D:5)
  A black bear (D:5)
  3 sky beasts
  2 orc warriors (D:6)
  An ogre (D:5)
  A lemure (D:5)
  2 scorpions
  A hound (D:6)
  A jelly (D:4)
  2 orc priests (D:6)
  A sleepcap (D:5)
  Crazy Yiuf (D:5)
  2 iguanas
  2 orc wizards (D:6)
  6 adders
  7 gnolls
  A white imp (D:5)
  3 worms
  3 dart slugs
  6 orcs
  5 bats
  4 endoplasms (D:4)
  6 goblins
  8 hobgoblins
  4 kobolds
  A quokka (D:2)
  5 ball pythons
  3 rats
84 creatures vanquished.

Vanquished Creatures (others)
  5 fulminant prisms (D:6)
5 creatures vanquished.

Grand Total: 89 creatures vanquished

Notes
Turn   | Place    | Note
-------+----------+-------------------------------------------
     0 | D:1      | CowFu the Demigod Conjurer began the quest for the Orb.
     0 | D:1      | Reached XP level 1. HP: 14/14 MP: 5/5
    39 | D:1      | Found Apaecir's Book Boutique.
   341 | D:1      | Found Cyler's Distillery.
   558 | D:1      | Found Magren's Armour Shop.
   584 | D:1      | Reached XP level 2. HP: 20/20 MP: 4/7
   718 | D:1      | Found Ypepreog's Antique Armour Emporium.
  1056 | D:2      | Reached skill level 4 in Conjurations
  1697 | D:2      | Reached XP level 3. HP: 26/26 MP: 3/9
  1831 | D:2      | Learned a level 2 spell: Searing Ray
  3015 | D:4      | Reached XP level 4. HP: 33/33 MP: 5/11
  3199 | D:4      | Reached skill level 5 in Conjurations
  3199 | D:4      | Reached XP level 5. HP: 34/38 MP: 0/13
  3599 | D:4      | Noticed a sky beast
  3609 | D:4      | Killed a sky beast
  3610 | D:4      | Reached XP level 6. HP: 31/45 MP: 6/15
  4338 | D:5      | Entered Level 5 of the Dungeon
  4347 | D:5      | Found a staircase to the Ecumenical Temple.
  4394 | D:5      | Learned a level 4 spell: Fulminant Prism
  4818 | D:5      | Reached skill level 6 in Conjurations
  5000 | D:5      | Noticed Pikel
  5008 | D:5      | Killed Pikel
  5009 | D:5      | Reached skill level 5 in Spellcasting
  5009 | D:5      | Reached XP level 7. HP: 34/50 MP: 7/18
  5446 | D:5      | Found a runed translucent door.
  5447 | D:5      | Noticed Crazy Yiuf
  5484 | D:5      | Reached skill level 7 in Conjurations
  5484 | D:5      | Reached XP level 8. HP: 57/57 MP: 12/20
  5760 | D:5      | Killed Crazy Yiuf
  5946 | D:1      | Bought a +2 robe of willpower for 230 gold pieces
  5963 | D:1      | Bought a potion of curing for 39 gold pieces
  6544 | D:6      | HP: 2/57 [orc warrior/+0 scimitar (3)]
  6551 | D:6      | Reached skill level 8 in Conjurations
  6620 | D:6      | Slain by a vampire

Illustrated notes

Levels and vault maps discovered:
D:1:      minmay_arrival_plants_in_alcoves, layout_loops_ring,
          shapermc_ecumenical_altar_mp_vishouse, serial_shops, shop, shop, shop,
          nicolae_shop_stone
D:2:      layout_loops_cross, serial_bayou, serial_bayou_shore_a,
          serial_bayou_pond_c, serial_bayou_pond_e, serial_bayou_pond_d
D:3:      layout_basic, okawaru_trees_1, fiery_altar_vehumet,
          mainiacjoe_overflow_six_doors_small, st_stairs_12
D:4:      layout_basic, nicolae_qazlal_beasts_of_the_sky
D:5:      layout_loops_corners, minmay_temple_entry_slanted,
          uniq_crazy_yiuf_cottage, uniq_pikel
D:6:      layout_loops_corners, mainiacjoe_overflow_chevrons,
          mainiacjoe_overflow_surrounded_room, uniq_blork_the_orc

Skill      XL: |  1  2  3  4  5  6  7  8 |
---------------+-------------------------+-----
Spellcasting   | 2 3 4 5 6 |  6.8
Conjurations   | 4 5 6 7 8 |  8.0
Alchemy        | 2 |  2.0
Dodging        | |  1.7
Stealth        | |  1.7

Action                     |  1- 3 |  4- 6 |  7- 9 || total
---------------------------+-------+-------+-------++-------
  Melee: Unarmed           |    11 |       |       ||    11
         Dagger            |     2 |    13 |       ||    15
         Quarterstaff      |       |       |    57 ||    57
   Cast: Magic Dart        |    93 |   105 |    16 ||   214
         Searing Ray       |     1 |     6 |     8 ||    15
         Fulminant Prism   |       |       |     5 ||     5
    Use: Scroll            |       |     3 |     6 ||     9
         Potion            |       |       |     1 ||     1
 Armour: Robe              |    21 |    37 |    61 ||   119
  Dodge: Dodged            |    27 |    30 |    18 ||    75

Table legend: (Time is in decaauts)
 A = Elapsed time spent in this place.
 B = Non-inter-level travel time spent in this place.
 C = Inter-level travel time spent in this place.
 D = Time resting spent in this place.
 E = Time spent auto-exploring this place.
 F = Levels seen in this place.
 G = Mean time per level.
                   A        B        C        D        E       F      G
               +--------+--------+--------+--------+--------+-----+--------+
         Total |   6656 |   6220 |    436 |      0 |   5401 |   6 | 1109.3 |
       Dungeon |   6656 |   6220 |    436 |      0 |   5401 |   6 | 1109.3 |
               +--------+--------+--------+--------+--------+-----+--------+

Top non-repeatable levels by time:
     D:5: 1562 daAuts
     D:4: 1376 daAuts
     D:3: 1154 daAuts
     D:1: 1097 daAuts
     D:2: 961 daAuts
     D:6: 503 daAuts
